 Dungeon Crawl Stone Soup version 0.21-a0-401-g0b6bec4 (webtiles) character file.

52 Moloch the Magician (level 3, 0/24 HPs)
             Began as a Demonspawn Wizard on Oct 25, 2017.
             Slain by a quasit (2 damage)
             ... on level 2 of the Dungeon.
             The game lasted 00:03:37 (1910 turns).

Moloch the Magician (Demonspawn Wizard)             Turns: 1910, Time: 00:03:38

Health: 0/24       AC:  3    Str:  7      XL:     3   Next: 60%
Magic:  1/8        EV: 12    Int: 20      God:
Gold:   66         SH:  4    Dex:  7 (11) Spells: 1/9 levels left

rFire    + . .     SeeInvis .   (no weapon)
rCold    . . .     Gourm    .   (no shield)
rNeg     . . .     Faith    .   a - +0 robe
rPois    .         Spirit   .   b - +0 hat
rElec    .         Reflect  +   (no cloak)
rCorr    .         Harm     .   (no gloves)
MR       .....                  l - +0 pair of boots
Stlth    ++........             h - +4 amulet of reflection
HPRegen  0.08/turn              e - ring of protection from fire
MPRegen  0.11/turn              (no ring)

@: very slightly contaminated, hasted, very quick
A: claws 1, nightstalker 1
a: no special abilities


You were on level 2 of the Dungeon.
You were not hungry.

You visited 1 branch of the dungeon, and saw 2 of its levels.

You collected 66 gold pieces.

Inventory:

Armour
 a - a +0 robe (worn)
 b - a +0 hat (worn)
 l - a +0 pair of boots (worn)
Jewellery
 e - a ring of protection from fire (left claw)
 h - a +4 amulet of reflection (around neck)
 n - an uncursed ring of ice {unknown}
Scrolls
 j - a scroll of magic mapping {unknown}
 o - a scroll of remove curse {unknown}
 p - 3 scrolls of fog {unknown}
 q - a scroll of enchant weapon {unknown}
 s - a scroll of amnesia {unknown}
Potions
 g - 2 potions of resistance {unknown}
 i - a potion of degeneration {unknown}
 k - 2 potions of haste
 m - a potion of curing {unknown}
 t - a potion of heal wounds {unknown}
Books
 c - a book of Minor Magic

   Spells                             Type                      Level
   a - Magic Dart                     Conjuration                  1
   b - Blink                          Translocation                2
   c - Call Imp                       Summoning                    2
   d - Slow                           Hexes                        2
   e - Conjure Flame                  Conjuration/Fire             3
   f - Mephitic Cloud                 Conjuration/Poison/Air       3
Comestibles
 d - a bread ration
 f - a royal jelly
 r - 2 meat rations
 u - 2 chunks of flesh


   Skills:
 - Level 1.7 Dodging
 - Level 1.7 Stealth
 + Level 3.9 Spellcasting
 * Level 2.3 Conjurations
 - Level 1.0 Summonings
 - Level 0.8 Translocations


You had one spell level left.
You knew the following spells:

 Your Spells              Type           Power        Failure   Level  Hunger
a - Magic Dart            Conj           ##..         4%          1    None
b - Blink                 Tloc           N/A          14%         2    ##.....
c - Call Imp              Summ           #.......     13%         2    ##.....
d - Mephitic Cloud        Conj/Pois/Air  #.......     28%         3    ###....


Dungeon Overview and Level Annotations

Branches:
Dungeon (2/15)

Altars:
Qazlal
Ru


Innate Abilities, Weirdness & Mutations

You have sharp fingernails.
You are slightly more attuned to the shadows.


Message History

The quasit claws you.
* * * LOW HITPOINT WARNING * * *
Your crimson imp hits the quasit.
You barely miss the quasit.
The quasit is severely wounded.
The quasit closely misses you.
The quasit claws you but does no damage.
The quasit claws you.
* * * LOW HITPOINT WARNING * * *
Your crimson imp hits the quasit.
You closely miss the quasit.
The quasit is almost dead.
The quasit bites you but does no damage.
The quasit barely misses you. x2
Your crimson imp barely misses the quasit.
The quasit misses you. x2; The quasit barely misses you.
Unknown command.
Okay, then.
It was a potion of haste.
You feel yourself speed up. The quasit bites you.
You die...

###..#...# ......###
## #.##.##.. ..
#.#..##.###.#
#...........#
###############
.....o....#.#
#.........)...#
####...<....#
#.###########.#
##...#..o# #.# #.#
#o... ....##@#
#####.#### #.....
##..55................
#.###.#
#.##.###########.####
#. .# # #.# #.# #. ..
#.# #.# #. .. #.# #.#
#.# #.# ...####
....o.(


You could see a quasit and a friendly crimson imp.

Vanquished Creatures
  A worm (D:2)
  A dart slug (D:2)
  An orc (D:2)
  2 ball pythons
  A giant cockroach (D:2)
  7 goblins
  5 hobgoblins
  4 jackals
  6 bats
  4 frilled lizards
  8 rats
40 creatures vanquished.

Vanquished Creatures (collateral kills)
  A worm (D:1)
  A jackal (D:2)
2 creatures vanquished.

Grand Total: 42 creatures vanquished

Notes
Turn   | Place    | Note
-------+----------+-------------------------------------------
     0 | D:1      | Moloch the Demonspawn Wizard began the quest for the Orb.
     0 | D:1      | Reached XP level 1. HP: 13/13 MP: 4/4
   240 | D:1      | Gained mutation: You have sharp fingernails. [demonic ancestry]
   240 | D:1      | Reached XP level 2. HP: 19/19 MP: 1/6
   623 | D:1      | Learned a level 2 spell: Blink
   626 | D:1      | Learned a level 2 spell: Call Imp
   989 | D:2      | Noticed an orc warrior
  1052 | D:2      | Found a stormy altar of Qazlal.
  1063 | D:2      | Found a sacrificial altar of Ru.
  1206 | D:2      | Gained mutation: You are slightly more attuned to the shadows. [demonic ancestry]
  1206 | D:2      | Reached XP level 3. HP: 18/24 MP: 1/8
  1642 | D:2      | Learned a level 3 spell: Mephitic Cloud
  1910 | D:2      | Slain by a quasit

Vault maps used:
D:1:      elethiomel_arrival_maze, minivault_25
D:2:      overflow_temple_1_default, overflow_temple_1_default,
          gammafunk_temple_of_torment

Skill      XL: |  1  2  3 |
---------------+----------+-----
Conjurations   | 2 |  2.3
Dodging        | |  1.7
Stealth        | |  1.7
Spellcasting   | |  3.9
Summonings     | |  1.0
Translocations | |  0.8

Action                   || total
-------------------------++-------
Melee: Unarmed           ||    47
 Cast: Magic Dart        ||   101
       Call Imp          ||     5
  Use: Potion            ||     1
  Eat: Chunk             ||     3
Armor: Robe              ||    40
Dodge: Dodged            ||    75
Block: Other             ||     9

Table legend:
 A = Spawn XP
 B = Non-spawn XP
 C = Spawn XP percentage of total XP
 D = Spawn monster count
 E = Non-spawn monster count
 F = Spawn count percentage of total count
 G = Total turns spent on level
                    A         B        C        D         E        F      G
               +---------+---------+-------+---------+---------+-------+---------
         Total |       0 |      75 |   0.0 |       0 |      42 |   0.0 |  1910
               +---------+---------+-------+---------+---------+-------+---------
           D:1 |       0 |      39 |   0.0 |       0 |      22 |   0.0 |  1235
           D:2 |       0 |      36 |   0.0 |       0 |      20 |   0.0 |   675
               +---------+---------+-------+---------+---------+-------+---------
